 Dungeon Crawl Stone Soup version 0.19.1-1-g22dce08 (webtiles) character file.

497 Kwzr the Caller (level 6, -1/41 HPs)
             Began as a Mummy Summoner on Jan 13, 2017.
             Was an Initiate of Ashenzari.
             Slain by a centaur (5 damage)
             ... on level 5 of the Dungeon.
             The game lasted 00:24:16 (4332 turns).

Kwzr the Caller (Mummy Summoner)                    Turns: 4332, Time: 00:24:16

Health: -1/41      AC:  5    Str: 12    XL:     6   Next: 93%
Magic:  6/11       EV: 13    Int: 16    God:    Ashenzari [......]
Gold:   176        SH:  0    Dex: 12    Spells: 2 memorised, 9 levels left

rFire  x . .     SeeInvis .     q - +0 glaive
rCold  + + .     Gourm    .     a - +0 robe
rNeg   + + +     Faith    .     (shield currently unavailable)
rPois  ∞         Spirit   .     (no helmet)
rElec  .         Reflect  .     g - +2 cloak (curse)
rCorr  .         Harm     .     (no gloves)
MR     .....                    (no boots)
Stlth  ++........               m - amulet of magic regeneration (curse)
                                (no ring)
                                j - ring of protection from cold

@: no status effects
A: no food or potions, fire vulnerability, cold resistance 1, negative energy
resistance 3, torment resistance, unbreathing
a: Curse Item, Renounce Religion


You were on level 5 of the Dungeon.
You worshipped Ashenzari.
Ashenzari was noncommittal.
You were not hungry.

You visited 1 branch of the dungeon, and saw 5 of its levels.
You also visited: Ossuary.

You collected 176 gold pieces.

Inventory:

Hand Weapons
 c - a +3 dagger
 d - a +0 dagger of draining
 e - a +0 hunting sling
 o - a +0 hunting sling
 q - a +0 glaive (weapon)
Missiles
 h - 7 tomahawks (quivered)
Armour
 a - a +0 robe (worn)
 g - a cursed +2 cloak (worn)
Jewellery
 j - a ring of protection from cold (left hand)
 m - a cursed amulet of magic regeneration (around neck)
Scrolls
 f - a scroll of amnesia {unknown}
 i - 3 scrolls of teleportation
 k - a scroll of random uselessness {unknown}
 l - a scroll of blinking {unknown}
 n - 5 scrolls of identify {unknown}
 p - 2 scrolls of fog {unknown}
 r - a scroll of magic mapping {unknown}
Books
 b - a book of Callings

   Spells                             Type                      Level
   a - Summon Small Mammal            Summoning                    1
   b - Call Imp                       Summoning                    2
   c - Call Canine Familiar           Summoning                    3
   d - Summon Guardian Golem          Hexes/Summoning              3
   e - Summon Lightning Spire         Summoning/Air                4
   f - Summon Ice Beast               Ice/Summoning                4


   Skills:
 - Level 1.1 Short Blades
 + Level 0.7 Polearms
 * Level 3.5 Dodging
 + Level 2.6 Stealth
 * Level 3.6 Spellcasting
 * Level 4.6 Summonings


You had 9 spell levels left.
You knew the following spells:

 Your Spells              Type           Power        Failure   Level  Hunger
a - Summon Small Mammal   Summ           ###.         2%          1    N/A
z - Call Imp              Summ           ###.....     4%          2    N/A

Dungeon Overview and Level Annotations

Branches:
Dungeon (5/15)
 Temple: D:4-7

Altars:
Ashenzari


Innate Abilities, Weirdness & Mutations

You do not eat or drink.
Your flesh is vulnerable to fire.
You are immune to poison.
Your flesh is cold resistant. (rC+)
You are immune to negative energy. (rN+++)
You are immune to unholy pain and torment.
You can survive without breathing.


Message History

* * * LOW HITPOINT WARNING * * *
Your crimson imp barely misses the worker ant zombie.
The centaur closely misses you.
You closely miss the centaur.
The centaur is moderately wounded.
Your crimson imp disappears in a puff of smoke!
The centaur closely misses you.
Your crimson imp hits the worker ant zombie but does no damage.
The centaur misses you.
Your crimson imp hits the worker ant zombie.
The centaur misses you. The centaur barely misses you.
You barely miss the centaur.
The centaur is moderately wounded.
The centaur barely misses you. x2
Your white imp barely misses the centaur.
Your iron imp hits the centaur!
You hit the centaur.
The centaur is almost dead.
The centaur hits you.
You die...

....#....#.####......
....###..#....#.....
.........#....#....
....###..#....+.(.#
....#....#....##5.#
....######....##Zh#
..............###h#
####+####.#...###c###
................@55.#
####.####.#...###.#.#
........#.#...###.#.#
####.##.#.#.......#.#
#.# #.#.......#.. #.#
#%#.......##. #.#
#............. #..
...............
####.###......####.#


You could see a centaur, 2 jackals, a friendly iron imp and a friendly white
imp.

Vanquished Creatures
  A phantom (D:4)
  A scorpion (D:4)
  An orc priest (D:4)
  Jessica (D:3)
  A mummy (Ossuary)
  An adder (D:3)
  2 dart slugs (D:1)
  2 orcs
  4 giant cockroaches
  4 goblins
  A hobgoblin (D:2)
  2 jackals
  A kobold (D:1)
  A bat (D:1)
  2 frilled lizards (D:3)
  A goblin zombie (D:5)
  5 rats
31 creatures vanquished.

Vanquished Creatures (collateral kills)
  3 elf zombies (Ossuary)
  An orc priest (D:3)
  A centaur skeleton (D:4)
  3 orc wizards
  2 human zombies (Ossuary)
  A big kobold zombie (Ossuary)
  A hound zombie (Ossuary)
  A hound skeleton (D:5)
  3 mummies (Ossuary)
  A gnoll (D:1)
  2 adders (D:2)
  An adder zombie (Ossuary)
  A dart slug (D:2)
  9 orcs
  6 goblins
  A hobgoblin (D:3)
  3 jackals
  4 bats
  2 frilled lizards
  2 goblin zombies
  2 jackal zombies (Ossuary)
  2 kobolds
  4 rats (D:1)
  A rat zombie (Ossuary)
57 creatures vanquished.

Grand Total: 88 creatures vanquished

Notes
Turn   | Place    | Note
-------+----------+-------------------------------------------
     0 | D:1      | Kwzr the Mummy Summoner began the quest for the Orb.
     0 | D:1      | Reached XP level 1. HP: 13/13 MP: 3/3
   276 | D:1      | Reached XP level 2. HP: 16/19 MP: 5/5
   498 | D:1      | Learned a level 2 spell: Call Imp
  1321 | D:3      | Reached XP level 3. HP: 10/24 MP: 0/6
  2130 | D:3      | Noticed Jessica
  2135 | D:3      | Killed Jessica
  2135 | D:3      | Reached skill level 1 in Short Blades
  2135 | D:3      | Reached XP level 4. HP: 22/30 MP: 2/7
  3077 | D:4      | Reached XP level 5. HP: 33/35 MP: 5/9
  3257 | D:4      | Noticed a phantom
  3274 | D:4      | Reached skill level 4 in Summonings
  3307 | D:4      | Killed a phantom
  3328 | D:4      | Found a shattered altar of Ashenzari.
  3333 | D:4      | Became a worshipper of Ashenzari the Shackled
  3407 | D:4      | Reached XP level 6. HP: 20/41 MP: 3/10
  3431 | D:5      | Entered Level 5 of the Dungeon
  3704 | D:5      | Found a sand-covered staircase.
  3713 | Ossuary  | Entered an ossuary
  4332 | D:5      | Slain by a centaur

Skill      XL: |  1  2  3  4  5 |
---------------+----------------+-----
Dodging        | 2 3 |  3.5
Stealth        | 2 |  2.6
Short Blades   | 1 |  1.1
Spellcasting   | 3 |  3.6
Summonings     | 4 |  4.6
Polearms       | |  0.7

Action                   |  1- 3 |  4- 6 || total
-------------------------+-------+-------++-------
Melee: Dagger            |    80 |    43 ||   123
       Unarmed           |     7 |       ||     7
       Glaive            |       |    59 ||    59
Throw: Tomahawk          |     2 |     4 ||     6
 Cast: Summon Small Mamm |    21 |    18 ||    39
       Call Imp          |    16 |    77 ||    93
Invok: Curse Item        |       |     2 ||     2
  Use: Scroll            |       |     1 ||     1
 Stab: Distracted        |       |     4 ||     4
       Sleeping          |       |     1 ||     1
Armor: Robe              |    22 |    39 ||    61
Dodge: Dodged            |    62 |    96 ||   158
